 Dungeon Crawl Stone Soup version 0.30-a0-476-g330ca2eb8e (webtiles) character file.

Game seed: 13585683517895879004

522 qhett the Chopper (level 7, -3/61 HPs)
             Began as a Hill Orc Berserker on Dec 14, 2022.
             Was an Elder of Trog.
             Killed by divine providence
             ... invoked by an orc priest
              (17 damage)
             ... on level 5 of the Dungeon on Dec 21, 2022.
             The game lasted 00:12:21 (3727 turns).

qhett the Chopper (Hill Orc Berserker)              Turns: 3727, Time: 00:12:22

Health: -3/61      AC: 11    Str: 20    XL:     7   Next: 22%
Magic:  7/7        EV: 11    Int:  7    God:    Trog [****..]
Gold:   130        SH:  0    Dex: 12    Spells: 6/6 levels left

rFire   x . .      SeeInvis .    p - +2 flail (drain)
rCold   + . .      Faith    .    (no shield)
rNeg    . . .      Spirit   .    A - +2 ring mail of Socuz {rElec}
rPois   .          Reflect  .    h - +1 hat
rElec   +          Harm     .    (no cloak)
rCorr   .          Rampage  .    k - +1 pair of gloves
Will    .....                    (no boots)
Stlth   +.........               o - amulet of regeneration
HPRegen 1.10/turn                l - ring of ice
MPRegen 0.10/turn                (no ring)

@: no status effects
A: no striking features
a: Renounce Religion, Convert to Beogh, Berserk, Trog's Hand, Brothers in Arms


You were on level 5 of the Dungeon.
You worshipped Trog.
Trog was greatly pleased with you.
You visited 1 branch of the dungeon, and saw 5 of its levels.

You collected 130 gold pieces.

Inventory:

Hand Weapons
 a - a +0 hand axe
 e - a +1 battleaxe
 p - a +2 flail of draining (weapon)
 s - a +2 whip of venom
Armour
 b - a +0 animal skin
 d - a +0 ring mail
 h - a +1 hat (worn)
 k - a +1 pair of gloves (worn)
 q - a +0 chain mail
 A - the +2 ring mail of Socuz (worn) {rElec}
   (You took it off an orc on level 5 of the Dungeon)

   rElec:     It insulates you from electricity.
Jewellery
 l - a ring of ice (left hand)
 o - an amulet of regeneration (around neck)
 t - an amulet of regeneration
 u - an amulet of reflection
Wands
 r - a wand of flame (10)
Scrolls
 f - 2 scrolls of amnesia {unknown}
 g - 2 scrolls of poison
 j - a scroll of noise
 m - 2 scrolls of teleportation
 n - a scroll of blinking
 x - a scroll of magic mapping
 y - a scroll of identify
Potions
 c - 6 potions of curing
 i - 2 potions of degeneration
 v - 2 potions of mutation {unknown}
 w - a potion of heal wounds
 z - a potion of berserk rage {unknown}


   Skills:
 + Level 5.2 Fighting
 + Level 6.6(7.1) Axes
 + Level 3.3(4.9) Maces & Flails
 + Level 4.6 Armour
 + Level 2.1 Dodging


You had 6 spell levels left.
You didn't know any spells.
Your spell library was empty.

Dungeon Overview and Level Annotations

Branches:
Dungeon (5/15)             Temple (0/1) D:4

Altars:
Ashenzari
Fedhas
Trog

Annotations:
D:4 bande's ghost, amateur GrFi


Message History

An orc warrior comes into view. It is wielding a +0 dire flail.
The orc warrior shouts! 2 orc priests come into view.
An orc priest is wielding a +2 trident of protection and wearing a +0 leather armour of poison resistance.
The orc priest shouts!
The orc priest shouts, "Surrender to Beogh and we'll let you live!"
The orc priest shouts!
An orc priest comes into view. It is wielding a +0 club.
The orc warrior hits you with a +0 dire flail!
The orc priest looks encouraged for a moment.
The orc priest shouts, "Beogh is our master!
Accept the truth or die!"
You barely miss the orc warrior.
The orc warrior hits you with a +0 dire flail.
The orc priest looks braver for a moment.
You sock the orc warrior!
The orc warrior is moderately wounded.
The orc warrior closely misses you.
You hit the orc warrior but do no damage.
The orc warrior is moderately wounded.
The orc warrior hits you with a +0 dire flail!
You closely miss the orc warrior.
The orc warrior is moderately wounded.
The orc warrior hits you with a +0 dire flail!
The orc priest miscasts a cantrip.
You are too injured to fight recklessly!
You are too injured to fight recklessly!
You hit the orc warrior. You drain the orc warrior.
The orc warrior is heavily wounded.
The orc warrior hits you with a +0 dire flail!
* * * LOW HITPOINT WARNING * * *
The orc priest shouts, "Beogh is our master!
Accept the truth or die!"
You hit the orc warrior but do no damage.
You drain the orc warrior.
The orc warrior is severely wounded.
The orc warrior closely misses you.
The orc priest calls upon Beogh to heal the orc warrior.
The orc warrior is healed somewhat.
The orc priest invokes the aid of Beogh against you.
Beogh smites you!
You die...

......####.#####.#
......##.........###
......##...........#
......##.........#.#
......##.........#
......##########.#
####### #.# #.# #@#
#o# #o#


oo# ..# ...# ...# ....# You could see an orc warrior (very drained) and 3 orc
priests.

Vanquished Creatures
  A necrophage (D:5)
  3 scorpions (D:4)
  2 orc priests (D:4)
  2 orc wizards
  An iguana (D:4)
  4 adders
  An ufetubus (D:4)
  A dart slug (D:1)
  14 orcs
  3 ball pythons
  8 endoplasms
  5 giant cockroaches
  4 goblins
  8 hobgoblins
  2 jackals (D:2)
  8 kobolds
  5 quokkas
  10 bats
  3 frilled lizards
  11 rats
96 creatures vanquished.

Vanquished Creatures (others)
  A plant (D:4)
1 creature vanquished.

Grand Total: 97 creatures vanquished

Notes
Turn   | Place    | Note
-------+----------+-------------------------------------------
     0 | D:1      | qhett the Hill Orc Berserker began the quest for the Orb.
     0 | D:1      | Reached XP level 1. HP: 19/19 MP: 1/1
   165 | D:1      | Reached XP level 2. HP: 27/27 MP: 2/2
   180 | D:1      | Noticed a floating eye
   182 | D:1      | Found a faded altar of an unknown god.
   183 | D:1      | Noticed a great orb of eyes
   183 | D:1      | Noticed a floating eye
   183 | D:1      | Noticed a shining eye
   195 | D:1      | Prayed at the altar of an unknown god.
   718 | D:1      | Reached XP level 3. HP: 33/33 MP: 3/3
   729 | D:1      | Reached ** piety under Trog
  1163 | D:2      | Reached skill level 5 in Axes
  1250 | D:2      | Upgraded the game from 0.30-a0-458-g86641cc369 to
                  | 0.30-a0-476-g330ca2eb8e
  1455 | D:2      | Reached XP level 4. HP: 23/40 MP: 4/4
  1814 | D:3      | Identified the +5 mace of Xodarice {pain, rN++ rCorr Int+4
                  | Dex-3}
  2040 | D:3      | Found a broken altar of Ashenzari.
  2237 | D:3      | Reached *** piety under Trog
  2331 | D:3      | Reached skill level 6 in Axes
  2331 | D:3      | Reached XP level 5. HP: 39/47 MP: 5/5
  2488 | D:4      | Found a runed translucent gate.
  2488 | D:4      | Found a runed translucent gate.
  2488 | D:4      | Found a runed translucent gate.
  2494 | D:4      | Noticed bande's ghost (amateur GrFi)
  2511 | D:4      | Found a staircase to the Ecumenical Temple.
  2955 | D:4      | Reached skill level 1 in Maces & Flails
  3066 | D:4      | Reached XP level 6. HP: 38/53 MP: 6/6
  3113 | D:4      | Found a blossoming altar of Fedhas.
  3124 | D:4      | Reached skill level 5 in Fighting
  3243 | D:4      | Reached XP level 7. HP: 50/61 MP: 7/7
  3314 | D:4      | Reached **** piety under Trog
  3594 | D:5      | Entered Level 5 of the Dungeon
  3659 | D:5      | Identified the +2 ring mail of Socuz {rElec}
  3727 | D:5      | Killed from afar by an orc priest

Illustrated notes

Levels and vault maps discovered:
D:1:      psy_arrival_radial01, layout_basic,
          hellmonk_ecumenical_altar_watching_god
D:2:      layout_rooms
D:3:      layout_loops_corners, cheibrodos_ashenzari_chains
D:4:      layout_basic, minmay_temple_entry_gardened_gates,
          ebering_ghost_rock_garden, minmay_ruined_shrine
D:5:      layout_basic, elyvilon_altar_5

Skill      XL: |  1  2  3  4  5  6 |
---------------+-------------------+-----
Fighting       | 4 5 |  5.2
Axes           | 5 6 |  6.6
Maces & Flails | 1 3 |  3.3
Armour         | 3 4 |  4.6
Dodging        | 2 |  2.1

Action                   |  1- 3 |  4- 6 |  7- 9 || total
-------------------------+-------+-------+-------++-------
Melee: Hand axe          |    62 |       |       ||    62
       Battleaxe         |    68 |    57 |       ||   125
       Flail             |       |    77 |    22 ||    99
  Use: Scroll            |       |    11 |       ||    11
       Potion            |       |     4 |     1 ||     5
Armor: Animal skin       |     4 |       |       ||     4
       Ring mail         |    56 |    36 |       ||    92
       Chain mail        |       |    52 |     7 ||    59
Dodge: Dodged            |    91 |    76 |     7 ||   174

Table legend: (Time is in decaauts)
 A = Elapsed time spent in this place.
 B = Non-inter-level travel time spent in this place.
 C = Inter-level travel time spent in this place.
 D = Time resting spent in this place.
 E = Time spent auto-exploring this place.
 F = Levels seen in this place.
 G = Mean time per level.
                   A        B        C        D        E       F      G
               +--------+--------+--------+--------+--------+-----+--------+
         Total |   3785 |   3657 |    128 |     30 |   2790 |   5 |  757.0 |
       Dungeon |   3785 |   3657 |    128 |     30 |   2790 |   5 |  757.0 |
               +--------+--------+--------+--------+--------+-----+--------+

Top non-repeatable levels by time:
     D:1: 1115 daAuts
     D:4: 1104 daAuts
     D:3: 868 daAuts
     D:2: 561 daAuts
     D:5: 134 daAuts
